 Dungeon Crawl Stone Soup version 0.29.1-1-gd02db6906a (webtiles) character file.

Game seed: 9197455613985632596

415 Icepheonix32 the Summoner (level 6, -1/41 HPs)
             Began as a Merfolk Summoner on Oct 9, 2022.
             Slain by a black bear (5 damage)
             ... on level 5 of the Dungeon.
             The game lasted 00:09:16 (6367 turns).

Icepheonix32 the Summoner (Merfolk Summoner)        Turns: 6367, Time: 00:09:17

Health: -1/41      AC:  2    Str:  6    XL:     6   Next: 92%
Magic:  8/9        EV: 13    Int: 18    God:
Gold:   292        SH:  0    Dex: 19    Spells: 3/9 levels left

rFire   + . .      SeeInvis .   l - +1 dagger "Yttysus" {flame, Str-3 Int+2 Dex+5}
rCold   + . .      Faith    .   (no shield)
rNeg    . . .      Spirit   .   a - +0 robe
rPois   +          Reflect  .   (no helmet)
rElec   +          Harm     .   (no cloak)
rCorr   +          Rampage  .   (no gloves)
Will    .....                   (no boots)
Stlth   ++........              s - amulet of the acrobat
HPRegen 0.13/turn               (no ring)
MPRegen 0.11/turn               (no ring)

@: resistant
A: (nimble swimmer 2), mertail
a: no special abilities


You were on level 5 of the Dungeon.
You visited 1 branch of the dungeon, and saw 5 of its levels.

You collected 292 gold pieces.

Inventory:

Hand Weapons
 g - a +0 spear
 l - the +1 dagger "Yttysus" (weapon) {flame, Str-3 Int+2 Dex+5}
   (You found it on level 2 of the Dungeon)

   It burns those it strikes, dealing additional fire damage.
   Str:       It affects your strength (-3).
   Int:       It affects your intelligence (+2).
   Dex:       It affects your dexterity (+5).
 o - a +0 trident
 t - a +0 halberd
Missiles
 m - 6 atropa-tipped darts
Armour
 a - a +0 robe (worn)
Magical Staves
 d - a staff of cold
Jewellery
 j - a ring of ice
 s - an amulet of the acrobat (around neck)
Wands
 n - a wand of roots (3)
Scrolls
 e - a scroll of vulnerability
 i - a scroll of magic mapping
 q - a scroll of amnesia
 r - a scroll of brand weapon
Potions
 b - 2 potions of magic
 c - 2 potions of curing
 f - a potion of heal wounds
 h - a potion of brilliance


   Skills:
 - Level 2.6 Dodging
 - Level 2.1 Stealth
 - Level 2.0 Spellcasting
 + Level 8.0 Summonings


You had 3 spell levels left.
You knew the following spells:

 Your Spells              Type           Power      Damage    Failure   Level
a - Summon Small Mammal   Summ           100%       N/A       1%          1
b - Call Imp              Summ           30%        N/A       1%          2
c - Call Canine Familiar  Summ           30%        N/A       1%          3

Your spell library contained the following spells:

 Spells                   Type           Power      Damage    Failure   Level
 Summon Guardian Golem    Hex/Summ       16%        N/A       11%         3
 Sandblast                Erth           2%         2d4       19%         1
 Passwall                 Tmut/Erth      0%         N/A       26%         2
 Gell's Gravitas          Tloc           1%         N/A       47%         3
 Lesser Beckoning         Tloc           1%         N/A       47%         3
 Stone Arrow              Conj/Erth      2%         3d7       47%         3
 Teleport Other           Tloc           1%         N/A       47%         3
 Summon Lightning Spire   Summ/Air       16%        N/A       34%         4


Dungeon Overview and Level Annotations

Branches:
Dungeon (5/15)
 Temple: D:4-7

Altars:
Wu Jian


Innate Abilities, Weirdness & Mutations

((You are very nimble when in or above water. (Stealth+, EV+, Speed+++)))
Your lower body shifts to a powerful aquatic tail in water.


Message History

The black bear claws your hound but does no damage.
The black bear misses your hound.
Your hound bites the black bear.
Your hound bites the black bear.
You swap places.
Your hound bites the black bear. x2
Your crimson imp blinks!
Your crimson imp blinks!
There is a stone staircase leading up here.
Okay, then.
Aiming: Fastroot
Press: ? - help, Shift-Dir - straight line The roots erupt in riotous growth!
Roots grab the black bear.
The grasping roots constrict the black bear.
You hear an angry growl.
Your hound bites the black bear.
The black bear struggles to escape constriction.
Your crimson imp blinks!
Your hound bites the black bear but does no damage.
The grasping roots constrict the black bear.
The roots release their grip on the black bear.
The black bear goes berserk!
Your hound closely misses the black bear.
Aiming: Fastroot
Press: ? - help, Shift-Dir - straight line The roots erupt in riotous growth!
Roots grab the black bear.
The grasping roots constrict the black bear.
The black bear struggles to escape constriction.
Your hound bites the black bear but does no damage.
The black bear escapes!
It was a potion of resistance.
You feel protected.
A shadow imp comes into view.
You barely miss the black bear.
The black bear is almost dead.
The black bear bites you!
* * * LOW HITPOINT WARNING * * *
The black bear claws you but does no damage.
The black bear claws you.
You die...

. . #.#.#.....> . .
#.#....#..## . ..
#..........# . #..
..........# . #...
#.........# .
##...####.........#
.
...........†......#
. #....@......# .
#.#..h......# .
...#.h.......# .
#.#####......).?# .
.........##5.####
.#.......# ..#
#.....!..#....
........5....###
##......#....#


You could see a black bear (berserk, ally target), a shadow imp, a friendly
hound (summoned) and a friendly crimson imp (summoned).

Vanquished Creatures
  A necrophage (D:4)
  An iguana (D:5)
  A gnoll (D:4)
  5 adders
  An orc (D:4)
  2 ball pythons
  4 endoplasms
  4 giant cockroaches
  5 goblins
  5 hobgoblins
  3 jackals (D:2)
  3 quokkas
  A bat (D:2)
  3 frilled lizards
  2 kobolds
41 creatures vanquished.

Vanquished Creatures (collateral kills)
  A scorpion (D:5)
  2 iguanas
  3 gnolls
  3 adders
  An ufetubus (D:3)
  A worm (D:2)
  5 orcs (D:3)
  4 bats
  4 endoplasms
  A giant cockroach (D:4)
  6 goblins
  4 hobgoblins
  4 jackals (D:2)
  A kobold (D:2)
  2 quokkas
  4 ball pythons
  2 frilled lizards (D:1)
  3 rats
51 creatures vanquished.

Grand Total: 92 creatures vanquished

Notes
Turn   | Place    | Note
-------+----------+-------------------------------------------
     0 | D:1      | Icepheonix32 the Merfolk Summoner began the quest for the
                  | Orb.
     0 | D:1      | Reached XP level 1. HP: 13/13 MP: 3/3
   335 | D:1      | Reached XP level 2. HP: 19/19 MP: 3/5
   785 | D:1      | Learned a level 2 spell: Call Imp
  1388 | D:2      | Reached XP level 3. HP: 8/24 MP: 2/6
  1396 | D:2      | Learned a level 3 spell: Call Canine Familiar
  1792 | D:2      | Reached skill level 5 in Summonings
  1904 | D:2      | Reached XP level 4. HP: 5/30 MP: 2/7
  2179 | D:2      | Found an ornate altar of the Wu Jian Council.
  2463 | D:2      | Identified the +1 dagger "Yttysus" {flame, Str-3 Int+2
                  | Dex+5}
  3194 | D:2      | Reached skill level 6 in Summonings
  3350 | D:3      | Reached XP level 5. HP: 27/35 MP: 1/8
  5449 | D:4      | Reached skill level 7 in Summonings
  5473 | D:4      | Reached XP level 6. HP: 36/41 MP: 3/9
  6110 | D:5      | Entered Level 5 of the Dungeon
  6132 | D:5      | Noticed a yak
  6132 | D:5      | Noticed a yak
  6132 | D:5      | Noticed a yak
  6132 | D:5      | Noticed a yak
  6133 | D:5      | Noticed a yak
  6133 | D:5      | Noticed a yak
  6348 | D:5      | Reached skill level 8 in Summonings
  6353 | D:5      | Noticed a black bear
  6367 | D:5      | Slain by a black bear

Illustrated notes

Levels and vault maps discovered:
D:1:      psy_arrival_basics, layout_basic
D:2:      minmay_recursive_quarters, layout_basic, basic_altar
D:3:      minmay_general_purpose_star, layout_loops_ring
D:4:      cheibrodos_greedy_goblins, layout_rooms
D:5:      layout_rooms, nicolae_dithmenos_the_darkroom

Skill      XL: |  1  2  3  4  5  6 |
---------------+-------------------+-----
Summonings     | 5 6 7 8 |  8.0
Dodging        | |  2.6
Stealth        | |  2.1
Spellcasting   | |  2.0

Action                   |  1- 3 |  4- 6 || total
-------------------------+-------+-------++-------
Melee: Staff             |    26 |       ||    26
       Spear             |    89 |    51 ||   140
       Dagger            |       |    80 ||    80
       Punch             |       |     2 ||     2
Throw: Dart              |       |     3 ||     3
 Cast: Summon Small Mamm |    16 |       ||    16
       Call Imp          |     4 |    10 ||    14
       Call Canine Famil |     2 |    13 ||    15
Evoke: Wand              |       |     2 ||     2
  Use: Scroll            |     2 |     9 ||    11
       Potion            |       |     3 ||     3
 Stab: Sleeping          |     2 |     8 ||    10
       Distracted        |     1 |     3 ||     4
       Invisible         |       |     1 ||     1
Armor: Robe              |    15 |    12 ||    27
       Skin              |       |    31 ||    31
Dodge: Dodged            |    78 |    82 ||   160
